 Dungeon Crawl Stone Soup version 0.27-a0-597-g524d869a0f (webtiles) character file.

Game seed: 16730033919280407695

3847 jasper the Geomancer (level 9, -2/39 HPs)
             Began as a Spriggan Earth Elementalist on Mar 11, 2021.
             Was a Priest of Vehumet.
             Slain by an orc
             ... wielding a +0 trident
              (6 damage)
             ... in a bailey.
             The game lasted 00:14:38 (10957 turns).

jasper the Geomancer (Spriggan Earth Elementalist) Turns: 10957, Time: 00:14:39

Health: -2/39      AC:  2    Str:  4    XL:     9   Next: 98%
Magic:  12/14      EV: 17    Int: 20    God:    Vehumet [***...]
Gold:   1085       SH:  0    Dex: 15    Spells: 2/13 levels left

rFire    . . .     SeeInvis +   b - +2 rapier (protect)
rCold    . . .     Faith    .   (shield restricted)
rNeg     . . .     Spirit   .   c - +0 robe
rPois    .         Reflect  .   (helmet restricted)
rElec    .         Harm     .   (no cloak)
rCorr    .         Rampage  .   (gloves unavailable)
Will     +....                  (boots unavailable)
Stlth    ++........             (no amulet)
HPRegen  0.13/turn              (no ring)
MPRegen  0.14/turn              (no ring)

@: very quick
A: very small, unfitting armour, see invisible, speed 3
a: Renounce Religion


You were in a bailey.
You worshipped Vehumet.
Vehumet was most pleased with you.
You visited 2 branches of the dungeon, and saw 10 of its levels.
You also visited: Ossuary and Bailey.

You collected 1361 gold pieces.
You spent 276 gold pieces at shops.

Inventory:

Hand Weapons
 b - a +2 rapier of protection (weapon)
 g - a +0 dagger
 h - a +0 short sword
 z - a +5 dagger
Missiles
 e - 53 bolts
 l - 7 stones
 p - 13 poisoned darts
 w - 2 throwing nets
Armour
 c - a +0 robe (worn)
 r - a +1 buckler
Magical Staves
 x - a staff of poison
Jewellery
 t - a ring of willpower
 G - an amulet of the acrobat
Wands
 q - a wand of charming (1)
 C - a wand of digging (7)
 J - a wand of polymorph (8)
Scrolls
 a - 4 scrolls of identify
 f - a scroll of magic mapping
 i - 5 scrolls of teleportation
 k - a scroll of immolation
 o - a scroll of amnesia
 y - a scroll of random uselessness
Potions
 d - 10 potions of curing
 j - 2 potions of flight
 m - a potion of magic
 n - 2 potions of haste
 s - 3 potions of lignification
 A - 2 potions of heal wounds
 B - a potion of cancellation
 D - a potion of might
 E - a potion of attraction
 F - a potion of degeneration {unknown}


   Skills:
 - Level 2.6 Dodging
 - Level 3.0 Stealth
 - Level 2.6 Spellcasting
 - Level 4.0 Conjurations
 - Level 1.3 Transmutations
 + Level 12.2 Earth Magic


You had 2 spell levels left.
You knew the following spells:

 Your Spells              Type           Power      Damage    Failure   Level
a - Sandblast             Erth           100%       2d20      1%          1
b - Passwall              Tmut/Erth      24%        N/A       1%          2
c - Stone Arrow           Conj/Erth      70%        3d11      1%          3
d - Lee's Rapid Deconstr  Erth           25%        3d15*     1%          5

Your spell library contained the following spells:

 Spells                   Type           Power      Damage    Failure   Level
 Olgreb's Toxic Radiance  Pois           2%         N/A       34%         4
 Petrify                  Tmut/Erth      29%        N/A       9%          4


Dungeon Overview and Level Annotations

Branches:
Dungeon (9/15)             Temple (1/1) D:5         Ossuary (visited)
 Bailey (1/1)
   Lair: D:8-11         Orc: D:9-12

Altars:
Ashenzari
Cheibriados
Dithmenos
Elyvilon
Fedhas
Gozag
Hepliaklqana
Kikubaaqudgha
Makhleb
Nemelex Xobeh
Okawaru
Qazlal
Ru
Sif Muna
Trog
Uskayaw
Vehumet
Yredelemnul
Zin
The Shining One

Shops:
D:6 *   D:8 ?

Annotations:
D:2 Sigmund
D:4 3 runed translucent doors, Swankypants's ghost, novice HuBe
D:5 Eustachio
D:8 Joseph
Temple Edmund


Innate Abilities, Weirdness & Mutations

You are very small and have problems with some larger weapons.
You are too small for most types of armour.
You have supernaturally acute eyesight. (SInv)
You cover ground extremely quickly. (Speed+++)


Message History

Aiming: Sandblast (safe; 1% risk of failure)
Press: ? - help, Q - select action, (/) - cycle Shift-Dir - straight line, f - orc
Aim: an orc, wielding a +0 war axe (16% to evade)
The blast of sand hits the orc!
You kill the orc!
Vehumet accepts your kill.
You feel your power returning. The orc hits you with a +0 hand axe.
You take 3 damage, and have 36/39 hp.
Aiming: Sandblast (safe; 1% risk of failure)
Press: ? - help, Q - select action, (/) - cycle Shift-Dir - straight line, f - orc
Aim: an orc, wielding a +0 hand axe (16% to evade)
The blast of sand misses the orc.
The blast of sand hits the orc!!
You kill the orc!
Vehumet accepts your kill.
You feel your power returning. The orc hits you but does no damage.
The orc hits you from afar with a +0 halberd.
The orc completely misses you. x2
You take 5 damage, and have 31/39 hp.
Aiming: Sandblast (safe; 1% risk of failure)
Press: ? - help, Q - select action, (/) - cycle Shift-Dir - straight line, f/p - orc
Aim: an orc, wielding a +0 hand axe (16% to evade)
The blast of sand misses the orc.
The orc hits you with a +0 hand axe. The orc misses you.
The orc hits you from afar with a +0 trident.
The orc hits you from afar with a +0 halberd!
The orc closely misses you. The orc barely misses you.
You take 19 damage, and have 12/39 hp.
MASSIVE DAMAGE!!
You now have 12/14 mp.
Aiming: Sandblast (safe; 1% risk of failure)
Press: ? - help, Q - select action, (/) - cycle Shift-Dir - straight line, f/p - orc
Aim: an orc, wielding a +0 hand axe (16% to evade)
The blast of sand hits the orc!
You kill the orc!
Vehumet accepts your kill.
You feel your power returning.
The orc hits you from afar with a +0 trident!
* * * LOW HITPOINT WARNING * * *
The orc hits you from afar with a +0 trident.
You die...

###+###
##.....##
#.......#
#.......#
#)oo....#
#oooo)..#
#..))o..#
#..@....#
#.......#
#.......#
#∩.....∩#
#.......#
##..∩..##
#######


You could see 7 orcs.

Vanquished Creatures
  A spriggan (D:9)
  2 wraiths (Ossuary)
  2 yaks (D:7)
  Menkaure (D:5)
  A water moccasin (D:9)
  2 orc warriors
  A sky beast (D:7)
  4 ogres
  2 centaurs
  A phantom (D:5)
  2 bullfrogs
  2 scorpions
  A water moccasin skeleton (D:5)
  10 wights
  3 howler monkeys (D:8)
  A centaur zombie (D:4)
  A jelly (D:5)
  4 orc priests
  7 hounds
  An iguana (D:5)
  10 orc wizards
  4 worker ants
  A hound zombie (D:8)
  4 gnolls (D:7)
  2 worker ant zombies (D:6)
  5 adders
  A shadow imp (D:7)
  4 white imps
  3 ufetubi
  2 adder zombies
  An adder skeleton (D:8)
  3 dart slugs
  5 worms
  2 leopard geckos (D:1)
  36 orcs
  4 giant cockroaches
  10 goblins
  5 hobgoblins
  4 jackals (D:3)
  2 ball python skeletons (Ossuary)
  6 bats
  3 frilled lizards
  A hobgoblin skeleton (Ossuary)
  A hobgoblin zombie (Ossuary)
  2 jackal zombies (D:6)
  6 kobolds
  A kobold zombie (Ossuary)
  2 leopard gecko skeletons (D:5)
  An orc skeleton (Ossuary)
  2 quokka skeletons
  A quokka zombie (D:7)
  4 rats
187 creatures vanquished.

Vanquished Creatures (collateral kills)
  A yak (D:7)
1 creature vanquished.

Vanquished Creatures (others)
  2 plants (D:5)
2 creatures vanquished.

Grand Total: 190 creatures vanquished

Notes
Turn   | Place    | Note
-------+----------+-------------------------------------------
     0 | D:1      | jasper the Spriggan Earth Elementalist began the quest for
                  | the Orb.
     0 | D:1      | Reached XP level 1. HP: 9/9 MP: 5/5
   102 | D:1      | Reached skill level 3 in Earth Magic
   260 | D:1      | Reached XP level 2. HP: 13/13 MP: 4/6
   263 | D:1      | Learned a level 2 spell: Passwall
   934 | D:1      | Reached XP level 3. HP: 16/16 MP: 4/8
  1224 | D:2      | Reached skill level 4 in Earth Magic
  1231 | D:1      | Learned a level 3 spell: Stone Arrow
  1531 | D:2      | Reached XP level 4. HP: 21/21 MP: 6/9
  1595 | D:2      | Noticed Sigmund
  1644 | D:3      | You fall into a shaft and drop 2 floors!
  1644 | D:5      | Entered Level 5 of the Dungeon
  1653 | D:5      | Reached skill level 5 in Earth Magic
  1694 | D:5      | Noticed a phantom
  1710 | D:5      | Killed a phantom
  1711 | D:5      | Reached XP level 5. HP: 14/24 MP: 0/10
  2093 | D:5      | Noticed an ogre
  2119 | D:5      | Killed an ogre
  2120 | D:5      | Reached skill level 6 in Earth Magic
  2120 | D:5      | Reached XP level 6. HP: 28/28 MP: 0/11
  2315 | D:5      | Reached skill level 1 in Conjurations
  2596 | D:5      | Noticed an orc warrior
  2629 | D:5      | Noticed Edmund
  2641 | D:5      | Noticed a sky beast
  2642 | D:5      | Found a staircase to the Ecumenical Temple.
  2648 | Temple   | Entered the Ecumenical Temple
  2826 | Temple   | Became a worshipper of Vehumet
  2975 | D:5      | Reached XP level 7. HP: 12/32 MP: 0/12
  3875 | D:3      | Reached * piety under Vehumet
  3875 | D:3      | Offered knowledge of Shock by Vehumet.
  4089 | D:4      | Found a runed translucent gate.
  4089 | D:4      | Found a runed translucent gate.
  4089 | D:4      | Found a runed translucent gate.
  4093 | D:4      | Noticed Swankypants's ghost (novice HuBe)
  4177 | D:4      | Found a sparkling altar of Nemelex Xobeh.
  4177 | D:4      | Found a stormy altar of Qazlal.
  4183 | D:4      | Found a faded altar of an unknown god.
  4185 | D:4      | Found a shadowy altar of Dithmenos.
  4187 | D:4      | Found a sacrificial altar of Ru.
  5316 | D:4      | Reached skill level 7 in Earth Magic
  5453 | D:5      | Reached XP level 8. HP: 36/36 MP: 6/13
  5718 | D:5      | Noticed Menkaure
  5724 | D:5      | Killed Menkaure
  5725 | D:5      | Reached skill level 8 in Earth Magic
  5911 | D:5      | Noticed Eustachio
  6508 | D:6      | Found a sand-covered staircase.
  6511 | D:6      | Found Xeryogih's Assorted Antiques.
  6527 | Ossuary  | Entered an ossuary
  6595 | Ossuary  | Reached skill level 9 in Earth Magic
  6700 | Ossuary  | Noticed a flying skull
  6709 | Ossuary  | Noticed a flying skull
  6736 | Ossuary  | Noticed a flying skull
  6739 | Ossuary  | Noticed a flying skull
  6909 | Ossuary  | Noticed a flying skull
  7009 | Ossuary  | Reached XP level 9. HP: 35/38 MP: 8/14
  7107 | D:6      | Reached skill level 10 in Earth Magic
  7154 | D:6      | Reached ** piety under Vehumet
  7307 | D:6      | Offered knowledge of Foxfire by Vehumet.
  7780 | D:6      | Bought a scroll labelled NIOMOSOMAF for 23 gold pieces
  7780 | D:6      | Bought a smoky emerald potion for 20 gold pieces
  7780 | D:6      | Bought a scroll labelled MIRAASHUTH for 23 gold pieces
  7780 | D:6      | Bought a scroll labelled BUDUPR SOUMI for 23 gold pieces
  7780 | D:6      | Bought a scroll labelled EFOHOWOMUF for 23 gold pieces
  7780 | D:6      | Bought a lead wand for 92 gold pieces
  7797 | D:6      | Acquired 1021 gold pieces
  8153 | D:6      | Found an opulent altar of Gozag.
  8755 | D:7      | Offered knowledge of Inner Flame by Vehumet.
  9012 | D:7      | Reached skill level 11 in Earth Magic
  9164 | D:7      | Identified the +1 scale mail of Defiance {Str+3}
  9432 | D:7      | Reached *** piety under Vehumet
 10126 | D:8      | Found Duilunug's Magic Scroll Emporium.
 10132 | D:8      | Bought 3 scrolls of identify for 72 gold pieces
 10168 | D:8      | Learned a level 5 spell: Lee's Rapid Deconstruction
 10540 | D:8      | Noticed Joseph
 10558 | D:8      | Reached skill level 12 in Earth Magic
 10618 | D:9      | Offered knowledge of Olgreb's Toxic Radiance by Vehumet.
 10937 | D:9      | Found a flagged portal.
 10946 | Bailey   | Entered a bailey
 10957 | Bailey   | Slain by an orc

Illustrated notes

Levels and vault maps discovered:
D:1:      lemuel_arrival_hallway, layout_loops_ring,
          hangedman_abyss_or_decor_lesser_grid, chequers_arboretum
D:2:      layout_loops_ring, kennysheep_cross_bottleneck,
          kennysheep_generic_room_8, uniq_sigmund
D:3:      layout_rooms, minmay_distorted
D:4:      minmay_clustersquares, layout_rooms,
          chequers_temple_overflow_minitemple, serial_rivers,
          chequers_serial_rivers_small_b, chequers_serial_rivers_micro_e,
          chequers_serial_rivers_small_a, chequers_serial_rivers_micro_c,
          chequers_serial_rivers_small_b, chequers_serial_rivers_room_a,
          gammafunk_ghost_split, bh_walls_and_bars
D:5:      layout_basic, minmay_temple_entry_gardened_gates, sword_in_stone,
          uniq_edmund, uniq_menkaure
D:6:      layout_basic, enter_ossuary_3, serial_shops,
          nicolae_shop_window_shopping, hex_tiny, grunt_gozag_breadcrumbs
D:7:      layout_cave_pods
D:8:      layout_loops_corners, serial_shops, shop, uniq_joseph
D:9:      layout_irregular_city, nicolae_wu_jian_immortal_techniques,
          enter_bailey_2, gammafunk_ghost_cemetery, the_bakery
Temple:   minmay_crystal_spiral_temple
Bailey:   bailey_polearm_5, bailey

Skill      XL: |  1  2  3  4  5  6  7  8  9 |
---------------+----------------------------+-----
Earth Magic    | 3 4 5 6 7 9 12 | 12.2
Conjurations   | 2 4 |  4.0
Dodging        | |  2.6
Stealth        | |  3.0
Spellcasting   | |  2.6
Transmutations | |  1.3

Action                   |  1- 3 |  4- 6 |  7- 9 || total
-------------------------+-------+-------+-------++-------
Melee: Unarmed           |     1 |       |       ||     1
       Short sword       |    19 |     6 |       ||    25
       Rapier            |       |       |   177 ||   177
Throw: Dart              |       |       |     2 ||     2
 Cast: Sandblast         |    38 |    19 |   152 ||   209
       Stone Arrow       |       |    23 |    56 ||    79
       Passwall          |       |     1 |       ||     1
       Lee's Rapid Decon |       |       |     2 ||     2
Evoke: Wand              |       |       |     5 ||     5
  Use: Scroll            |       |       |    19 ||    19
       Potion            |       |       |     1 ||     1
 Stab: Sleeping          |     1 |       |    13 ||    14
Armor: Robe              |       |     2 |    41 ||    43
Dodge: Dodged            |    19 |    15 |   227 ||   261

Table legend: (Time is in decaauts)
 A = Elapsed time spent in this place.
 B = Non-inter-level travel time spent in this place.
 C = Inter-level travel time spent in this place.
 D = Time resting spent in this place.
 E = Time spent auto-exploring this place.
 F = Levels seen in this place.
 G = Mean time per level.
                   A        B        C        D        E       F      G
               +--------+--------+--------+--------+--------+-----+--------+
         Total |   8952 |   8603 |    349 |   1551 |   5742 |  12 |  746.0 |
       Dungeon |   8230 |   7926 |    304 |   1373 |   5391 |   9 |  914.4 |
        Temple |    214 |    169 |     45 |      0 |    129 |   1 |  214.0 |
       Ossuary |    498 |    498 |      0 |    178 |    219 |   1 |  498.0 |
        Bailey |      8 |      8 |      0 |      0 |      1 |   1 |    8.0 |
               +--------+--------+--------+--------+--------+-----+--------+

Top non-repeatable levels by time:
     D:6: 1606 daAuts
     D:5: 1434 daAuts
     D:4: 1395 daAuts
     D:7: 1248 daAuts
     D:1: 845 daAuts
     D:3: 624 daAuts
 Ossuary: 498 daAuts
     D:8: 417 daAuts
     D:2: 349 daAuts
     D:9: 308 daAuts
  Temple: 214 daAuts
  Bailey: 8 daAuts
